 Dungeon Crawl Stone Soup version 0.26.1-11-gd32895ea62 (webtiles) character file.

Game seed: 4733251641324007297

99 infcreate the Sneak (level 4, 0/24 HPs)
             Began as a Vampire Enchanter on Apr 21, 2021.
             Slain by an adder (3 damage)
             ... on level 3 of the Dungeon.
             The game lasted 00:08:46 (2187 turns).

infcreate the Sneak (Vampire Enchanter)             Turns: 2187, Time: 00:08:47

Health: 0/24       AC:  2    Str:  7    XL:     4   Next: 45%
Magic:  1/7        EV: 13    Int: 17    God:
Gold:   63         SH:  0    Dex: 15    Spells: 1/7 levels left

rFire    . . .     SeeInvis +   a - +1 dagger
rCold    + + .     Faith    .   (no shield)
rNeg     + + +     Spirit   .   b - +0 robe
rPois    ∞         Reflect  .   (no helmet)
rElec    .         Harm     .   (no cloak)
rCorr    .         Rampage  .   (no gloves)
Will     .....                  (no boots)
Stlth    +++++.....             (no amulet)
HPRegen  0.00/turn              (no ring)
MPRegen  0.10/turn              (no ring)

@: bloodless
A: fangs 3, see invisible, unbreathing
a: Bat Form, Revivify


You were on level 3 of the Dungeon.
You visited 1 branch of the dungeon, and saw 3 of its levels.

You collected 63 gold pieces.


Innate Abilities, Weirdness & Mutations

You do not regenerate when monsters are visible.
You are frail without blood (-20% HP).
You can heal yourself when you bite living creatures.
You are immune to poison.
You have razor-sharp teeth.
You have supernaturally acute eyesight. (SInv)
You can survive without breathing.


   Skills:
 + Level 0.8 Fighting
 * Level 2.2 Short Blades
 * Level 3.0 Dodging
 * Level 5.4 Stealth
 + Level 2.3 Spellcasting
 * Level 5.2 Hexes


You had one spell level left.
You knew the following spells:

 Your Spells              Type           Power        Failure   Level
c - Corona                Hex            21%          2%          1
e - Ensorcelled Hibernat  Hex/Ice        20%          10%         2
t - Confusing Touch       Hex            19%          7%          3

Your spell library contained the following spells:

 Spells                   Type           Power        Failure   Level
 Tukima's Dance           Hex            19%          7%          3
 Dazzling Flash           Conj/Hex       20%          19%         3

Inventory:

Hand Weapons
 a - a +1 dagger (weapon)
Armour
 b - a +0 robe (worn)
Jewellery
 l - an uncursed amulet of magic regeneration {unknown}
Scrolls
 c - a scroll of remove curse {@r2}
 f - a scroll of identify {unknown}
 h - a scroll of amnesia
 i - 2 scrolls of fear
Potions
 d - a potion of heal wounds {unknown}
 e - a potion of curing {@q1}
 g - a potion of brilliance {unknown}
 j - a potion of degeneration {unknown}

Dungeon Overview and Level Annotations

Branches:
Dungeon (3/15)

Altars:

Portals:
Sewer: D:3

### **,*,** #∩#
..###*,,*,****#≈########
.....,,,,,,,,,#≈#......#
o.<.#****,***,#≈#.....##
....# *,,***,#≈#......#
.r..# *,,,,,,#≈#......#
...## *>,**,,#≈#....<(#
..S.#***,.#..##S#....†.#
.....,,,........@......#
.....,,,.....##.......##
,,,,,,,,....#..........#
,,,,,,,,........$......#
,,,,,,,*.#.#...........#
*,,,,,,,,...$..........#
,,,,,,,,,.###..........#
,,,,,,*,,,* #.#.......##
,,,,,**,,****,**,,,,,**


You could see an adder (corona).


Message History

The adder barely misses you. The adder bites you but does no damage.
The adder closely misses you. The adder bites you. The adder bites you.
* * * LOW HITPOINT WARNING * * *
The adder bites you.
* * * LOW HITPOINT WARNING * * *
Casting: Ensorcelled Hibernation (safe; 10% risk of failure)
Confirm with . or Enter, or press ? or * to list all spells.
Aiming: Corona (safe; 2% risk of failure)
Press: ? - help, Shift-Dir - straight line, f/p - adder
Aim: an adder (lightly wounded, chance to affect: 66%)
The adder is outlined in light.
The adder completely misses you. The adder bites you.
* * * LOW HITPOINT WARNING * * *
You closely miss the adder. The adder bites you.
* * * LOW HITPOINT WARNING * * *
It was a potion of curing.
You feel better. The adder completely misses you.
You hit the adder.
The adder is moderately wounded.
The adder bites you.
* * * LOW HITPOINT WARNING * * *
You closely miss the adder. Your bite misses the adder.
The adder is moderately wounded.
The adder misses you. The adder bites you.
* * * LOW HITPOINT WARNING * * *
You hit the adder.
The adder is severely wounded.
The adder bites you.
You die...

Skill      XL: |  1  2  3  4 |
---------------+-------------+-----
Stealth        | 5 |  5.4
Short Blades   | 2 |  2.2
Hexes          | 5 |  5.2
Dodging        | 3 |  3.0
Fighting       | |  0.8
Spellcasting   | |  2.3

Action                   |  1- 3 |  4- 6 || total
-------------------------+-------+-------++-------
Melee: Dagger            |    84 |    25 ||   109
       Bite              |     6 |     3 ||     9
 Cast: Corona            |    16 |     2 ||    18
       Ensorcelled Hiber |     9 |     9 ||    18
       Confusing Touch   |       |     1 ||     1
 Abil: Exsanguinate      |     1 |       ||     1
  Use: Scroll            |     4 |     2 ||     6
       Potion            |       |     1 ||     1
 Stab: Sleeping          |    21 |     5 ||    26
Armor: Robe              |    13 |     1 ||    14
Dodge: Dodged            |    56 |    12 ||    68

Levels and vault maps discovered:
D:1:      dpeg_arrival_snail, layout_basic
D:2:      layout_loops_ring
D:3:      layout_rooms, nicolae_overflow_hidden_temple, tgw_fedhas,
          portal_sewer_entry_d, minmay_quantized, uniq_ijyb, uniq_grinder,
          uniq_terence

Notes
Turn   | Place    | Note
-------+----------+-------------------------------------------
     0 | D:1      | infcreate the Vampire Enchanter began the quest for the
                  | Orb.
     0 | D:1      | Reached XP level 1. HP: 13/13 MP: 3/3
   286 | D:1      | Reached XP level 2. HP: 9/15 MP: 0/5
   289 | D:1      | Learned a level 2 spell: Ensorcelled Hibernation
  1181 | D:2      | Reached skill level 5 in Stealth
  1189 | D:2      | Reached XP level 3. HP: 20/20 MP: 6/6
  1309 | D:2      | Reached skill level 2 in Short Blades
  1309 | D:2      | Reached skill level 5 in Hexes
  1481 | D:2      | Learned a level 3 spell: Confusing Touch
  1601 | D:2      | Reached XP level 4. HP: 24/24 MP: 1/7
  2155 | D:2      | Reached skill level 3 in Dodging
  2165 | D:3      | Found a glowing drain.
  2187 | D:3      | Slain by an adder

Vanquished Creatures
  A hound (D:2)
  2 adders
  2 worms (D:2)
  A dart slug (D:2)
  A leopard gecko (D:2)
  An orc (D:2)
  2 ball pythons (D:2)
  A giant cockroach (D:1)
  5 goblins
  5 hobgoblins
  6 jackals
  2 bats (D:1)
  3 frilled lizards
  3 kobolds
  7 rats
42 creatures vanquished.

Vanquished Creatures (others)
  13 toadstools (D:3)
13 creatures vanquished.

Grand Total: 55 creatures vanquished

Table legend: (Time is in decaauts)
 A = Elapsed time spent in this place.
 B = Non-inter-level travel time spent in this place.
 C = Inter-level travel time spent in this place.
 D = Time resting spent in this place.
 E = Time spent auto-exploring this place.
 F = Levels seen in this place.
 G = Mean time per level.
                   A        B        C        D        E       F      G
               +--------+--------+--------+--------+--------+-----+--------+
         Total |   2184 |   2033 |    151 |    526 |    321 |   3 |  728.0 |
       Dungeon |   2184 |   2033 |    151 |    526 |    321 |   3 |  728.0 |
               +--------+--------+--------+--------+--------+-----+--------+

Top non-repeatable levels by time:
     D:2: 1082 daAuts
     D:1: 1050 daAuts
     D:3: 51 daAuts

Table legend:
 A = Non-vault XP
 B = Vault XP
 C = Vault XP percentage of total XP
 D = Non-vault monster count
 E = Vault monster count
 F = Vault count percentage of total count
                 A         B        C        D         E       F
            +---------+---------+-------+---------+---------+-------
      Total |     142 |       0 |   0.0 |      42 |       0 |   0.0
            +---------+---------+-------+---------+---------+-------
        D:1 |      32 |       0 |   0.0 |      21 |       0 |   0.0
        D:2 |      97 |       0 |   0.0 |      20 |       0 |   0.0
        D:3 |      13 |       0 |   0.0 |       1 |       0 |   0.0
            +---------+---------+-------+---------+---------+-------
